 Dungeon Crawl Stone Soup version 0.32-a0-612-g1c984fe9d1 (webtiles) character file.

Game seed: 8103844545645858813

5436 CougarLife the Basher (level 10, -4/79 HPs)
             Began as a Gnoll Reaver on Mar 4, 2024.
             Was a Believer of Cheibriados.
             Slain by a slime creature (17 damage)
             ... on level 9 of the Dungeon.
             The game lasted 00:17:20 (12820 turns).

CougarLife the Basher (Gnoll Reaver)               Turns: 12820, Time: 00:17:20

Health: -4/79      AC:  6    Str: 19    XL:     10   Next: 68%
Magic:  21/21      EV: 15    Int: 22    God:    Cheibriados [**....]
Gold:   557        SH:  5    Dex: 15    Spells: 21/24 levels left

rFire   . . .        r - +1 flail (protect)
rCold   . . .        (no shield)
rNeg    + . .        x - +0 leather armour
rPois   .            (no helmet)
rElec   .            F - +0 cloak
rCorr   .            D - +0 pair of gloves
SInv    .            (no boots)
Will    .....        E - amulet of reflection
Stlth   +++          G - ring of the Zebra {rN+ Str+2}
HPRegen 0.33/turn    (no ring)
MPRegen 0.17/turn

%: reflection
@: about to teleport, very slow
A: fangs 1, strong nose, distributed training
a: Renounce Religion, Bend Time


You were on level 9 of the Dungeon.
You worshipped Cheibriados.
Cheibriados was pleased with you.
You visited 2 branches of the dungeon, and saw 11 of its levels.

You collected 629 gold pieces.
You spent 72 gold pieces at shops.

Inventory:

Hand Weapons
 r - a +1 flail of protection (weapon)
Missiles
 J - a throwing net
 K - 5 curare-tipped darts (quivered)
Armour
 x - a +0 leather armour (worn)
 D - a +0 pair of gloves (worn)
 F - a +0 cloak (worn)
 L - a +0 scale mail
Jewellery
 g - a ring of resist corrosion
 i - an amulet of magic regeneration
 m - a ring of flight
 E - an amulet of reflection (around neck)
 G - the ring of the Zebra (left hand) {rN+ Str+2}
   (You found it on level 7 of the Dungeon)

   [ring of positive energy]

   Str+2:     It affects your strength (+2).
   rN+:       It protects you from negative energy.
Wands
 b - a wand of flame (18)
 j - a wand of mindburst (6)
 o - a wand of charming (10)
 v - a wand of acid (3)
 w - a wand of polymorph (20)
 H - a wand of warping (9)
Scrolls
 a - a scroll of immolation {unknown}
 c - 2 scrolls of enchant armour
 d - 2 scrolls of teleportation
 e - 3 scrolls of poison
 f - a scroll of acquirement {unknown}
 h - 2 scrolls of blinking {unknown}
 n - a scroll of torment {unknown}
 p - a scroll of amnesia {unknown}
 q - 4 scrolls of noise
 s - 2 scrolls of vulnerability
 u - a scroll of enchant weapon {unknown}
 y - a scroll of fog {unknown}
Potions
 k - a potion of ambrosia
 l - 3 potions of haste
 t - 2 potions of mutation
 z - 2 potions of might
 A - 2 potions of brilliance
 B - a potion of berserk rage
 C - 2 potions of curing
 I - a potion of attraction {unknown}


   Skills:
 + Level 7.4 Fighting
 + Level 5.7 Short Blades
 + Level 5.7 Long Blades
 + Level 5.7 Axes
 + Level 8.8 Maces & Flails
 + Level 5.7 Polearms
 + Level 5.7 Staves
 + Level 5.7 Ranged Weapons
 + Level 5.7 Throwing
 + Level 5.7 Armour
 + Level 7.4 Dodging
 + Level 5.7 Stealth
 + Level 5.7 Shields
 + Level 5.7 Unarmed Combat
 + Level 7.7 Spellcasting
 + Level 7.3 Conjurations
 + Level 4.7 Hexes
 + Level 4.7 Summonings
 + Level 4.7 Necromancy
 + Level 4.7 Translocations
 + Level 4.7 Fire Magic
 + Level 4.7 Ice Magic
 + Level 4.7 Air Magic
 + Level 4.7 Earth Magic
 + Level 4.7 Alchemy
 + Level 6.2 Invocations
 + Level 5.7 Evocations
 + Level 5.2 Shapeshifting


You had 21 spell levels left.
You knew the following spells:

 Your Spells              Type           Power      Damage    Failure   Level
a - Kiss of Death         Conj/Necr      100%       2d13      1%          1
b - Momentum Strike       Conj/Tloc      70%        3d9       1%          2

Your spell library contained the following spells:

 Spells                   Type           Power      Damage    Failure   Level
 Ensorcelled Hibernation  Hex/Ice        58%        N/A       1%          2
 Mercury Vapours          Alch/Air       58%        N/A       1%          2
 Hailstorm                Conj/Ice       35%        3d8       2%          3
 Mephitic Cloud           Conj/Alch/Air  33%        N/A       2%          3
 Fugue of the Fallen      Necr           29%        N/A       3%          3
 Inner Flame              Hex/Fire       29%        N/A       3%          3
 Ozocubu's Armour         Ice            29%        N/A       3%          3
 Anguish                  Hex/Necr       14%        N/A       13%         4
 Manifold Assault         Tloc           29%        N/A       13%         4
 Irradiate                Conj/Alch      17%        3d17      21%         5
 Freezing Cloud           Conj/Ice/Air   16%        6-21      24%         5
 Malign Gateway           Summ/Tloc      14%        N/A       100%        7
 Ignition                 Fire           14%        3d6       100%        8
 Summon Horrible Things   Summ           14%        N/A       100%        8


Dungeon Overview and Level Annotations

Branches:
Dungeon (10/15)            Temple (1/1) D:7
   Lair: D:8-11         Orc: D:9-12

Altars:
Ashenzari
Cheibriados
Dithmenos
Fedhas
Gozag
Hepliaklqana
Kikubaaqudgha
Makhleb
Nemelex Xobeh
Okawaru
Qazlal
Ru
Sif Muna
Trog
Uskayaw
Vehumet
Wu Jian
Xom
Yredelemnul
Zin
The Shining One

Shops:
D:7 (   D:8 (


Innate Abilities, Weirdness & Mutations

You have very sharp teeth.
Your uncanny sense of smell can sniff out nearby items.
Your experience applies equally to all skills.


Message History

The slime creature is moderately wounded.
The slime creature completely misses you.
The slime creature misses you.
The slime creature hits you but does no damage.
You hit the slime creature.
The slime creature is heavily wounded.
You block the slime creature's attack. The slime creature closely misses you.
The slime creature completely misses you.
You hit the slime creature but do no damage.
The slime creature is heavily wounded.
The slime creature closely misses you. The slime creature barely misses you.
The slime creature hits you.
You hit the slime creature.
The slime creature is heavily wounded.
The slime creature hits you. The slime creature hits you!
The slime creature completely misses you.
You barely miss the slime creature. You bite the slime creature.
The slime creature is heavily wounded.
The slime creature hits you! The slime creature closely misses you.
The slime creature hits you but does no damage.
You barely miss the slime creature.
The slime creature is heavily wounded.
The slime creature hits you but does no damage.
The slime creature completely misses you.
The slime creature hits you!
You are too injured to fight recklessly!
You can't go down here!
The slime creature barely misses you. The slime creature hits you!
* * * LOW HITPOINT WARNING * * *
The slime creature hits you.
* * * LOW HITPOINT WARNING * * *
You climb upwards.
There is a stone staircase leading down here.
As you read the scroll of teleportation, it crumbles to dust.
You feel strangely unstable. You block the slime creature's attack.
The slime creature closely misses you.
The slime creature hits you but does no damage.
The slime creature hits you!
You die...
Cheibriados appreciates the motionlessness of death.

#####.##.#.# ###..#####
#.......#.# ##..# #.###.....#
#...# #####'###...#.### #...#
.......##...#...#####...#######
.......######.#..#....#.......#
.รท...).# #.##J..#..#######.#
.......# #..JJ###..###.....#
.......# ######@......##.....#
.......# #............##.....#
.......# #.####.......##.....#
.......# #.# #..............#
######## #.# #.......########
#.# #.......# #.# #.......#
#########.# #.......#
#.........# #.......#


You could see 3 slime creatures.

Vanquished Creatures
  A two-headed ogre (D:8)
  A gargoyle (D:9)
  Grinder (D:6)
  A slime creature (D:8)
  A shadow (D:9)
  3 yaks (D:8)
  A wraith (D:9)
  A steam dragon (D:8)
  3 water moccasins
  A sky beast (D:5)
  A black bear (D:3)
  3 ice beasts
  2 centaurs
  3 kobold brigands
  Blork the orc (D:4)
  A gnoll sergeant (D:8)
  6 bullfrogs
  3 scorpions
  6 wights
  4 killer bees (D:7)
  2 howler monkeys (D:6)
  4 bombardier beetles
  A hound (D:5)
  2 jellies (D:8)
  An orc priest (D:6)
  A gnoll bouda (D:6)
  Ijyb (D:4)
  2 sleepcaps
  5 iguanas
  8 orc wizards
  5 gnolls
  5 adders
  A shadow imp (D:6)
  3 white imps
  3 ribbon worms
  3 dart slugs
  25 orcs
  2 bats
  8 endoplasms
  2 giant cockroaches
  3 goblins
  6 jackals
  13 kobolds
  3 quokkas
  A ball python (D:2)
  3 frilled lizards (D:2)
  2 rats (D:2)
159 creatures vanquished.

Vanquished Creatures (others)
  A gnoll (D:8)
1 creature vanquished.

Grand Total: 160 creatures vanquished

Notes
Turn   | Place    | Note
-------+----------+-------------------------------------------
     0 | D:1      | CougarLife the Gnoll Reaver began the quest for the Orb.
     0 | D:1      | Reached XP level 1. HP: 20/20 MP: 6/6
   311 | D:1      | Reached XP level 2. HP: 14/15 MP: 5/7
   876 | D:2      | Learned a level 2 spell: Momentum Strike
   890 | D:2      | Noticed a bombardier beetle
   895 | D:2      | Killed a bombardier beetle
   896 | D:2      | Reached skill level 1 in Short Blades
   896 | D:2      | Reached skill level 1 in Long Blades
   896 | D:2      | Reached skill level 1 in Axes
   896 | D:2      | Reached skill level 1 in Polearms
   896 | D:2      | Reached skill level 1 in Staves
   896 | D:2      | Reached skill level 1 in Ranged Weapons
   896 | D:2      | Reached skill level 1 in Throwing
   896 | D:2      | Reached skill level 1 in Armour
   896 | D:2      | Reached skill level 1 in Stealth
   896 | D:2      | Reached skill level 1 in Shields
   896 | D:2      | Reached skill level 1 in Unarmed Combat
   896 | D:2      | Reached skill level 5 in Spellcasting
   896 | D:2      | Reached skill level 1 in Invocations
   896 | D:2      | Reached skill level 1 in Evocations
   896 | D:2      | Reached XP level 3. HP: 1/18 MP: 5/9
  1084 | D:2      | Reached skill level 1 in Shapeshifting
  1084 | D:2      | Reached XP level 4. HP: 22/25 MP: 11/11
  1485 | D:2      | Reached skill level 1 in Hexes
  1485 | D:2      | Reached skill level 1 in Summonings
  1485 | D:2      | Reached skill level 1 in Necromancy
  1485 | D:2      | Reached skill level 1 in Translocations
  1485 | D:2      | Reached skill level 1 in Fire Magic
  1485 | D:2      | Reached skill level 1 in Ice Magic
  1485 | D:2      | Reached skill level 1 in Air Magic
  1485 | D:2      | Reached skill level 1 in Earth Magic
  1485 | D:2      | Reached skill level 1 in Alchemy
  1975 | D:3      | Found a faded altar of an unknown god.
  2245 | D:3      | Noticed a black bear
  2256 | D:3      | Killed a black bear
  2257 | D:3      | Reached XP level 5. HP: 7/40 MP: 9/12
  2995 | D:4      | Noticed Ijyb
  3005 | D:4      | Killed Ijyb
  3006 | D:4      | Reached XP level 6. HP: 41/43 MP: 13/13
  3008 | D:4      | Noticed Blork the orc
  3029 | D:4      | HP: 1/27 [Blork the orc/puff of flame (6)]
  3031 | D:4      | Killed Blork the orc
  3032 | D:4      | Reached skill level 5 in Fighting
  3032 | D:4      | Reached skill level 5 in Dodging
  3176 | D:4      | HP: 1/26 [burnt (5)]
  4032 | D:5      | Entered Level 5 of the Dungeon
  4413 | D:5      | Noticed a sky beast
  4463 | D:5      | Killed a sky beast
  4464 | D:5      | Reached skill level 7 in Maces & Flails
  4464 | D:5      | Reached XP level 7. HP: 28/39 MP: 15/15
  5106 | D:5      | HP: 2/55 [water moccasin (5)]
  5108 | D:5      | Reached XP level 8. HP: 2/63 MP: 13/16
  5659 | D:6      | Noticed Grinder
  5659 | D:6      | Paralysed by Grinder for 5 turns
  5676 | D:6      | Killed Grinder
  6128 | D:6      | Found a glowing silver altar of Zin.
  7349 | D:7      | Reached XP level 9. HP: 59/68 MP: 18/18
  7477 | D:7      | Identified the ring of the Zebra {rN+ Str+2}
  7668 | D:7      | Found Izxyoted's Antique Weapon Emporium.
  7928 | D:7      | Identified the +1 leather armour of Intercession {Harm rC-
                  | Str+3}
  8231 | D:7      | Found a staircase to the Ecumenical Temple.
  8297 | Temple   | Entered the Ecumenical Temple
  8378 | Temple   | Became a worshipper of Cheibriados the Contemplative
  9157 | D:7      | Reached skill level 8 in Maces & Flails
  9319 | D:7      | Reached * piety under Cheibriados
  9549 | D:8      | Reached skill level 5 in Invocations
  9618 | D:8      | Noticed a two-headed ogre
  9628 | D:8      | Killed a two-headed ogre
  9850 | D:8      | Found a hazy altar of Hepliaklqana.
  9898 | D:8      | Reached skill level 5 in Short Blades
  9898 | D:8      | Reached skill level 5 in Long Blades
  9898 | D:8      | Reached skill level 5 in Axes
  9898 | D:8      | Reached skill level 5 in Polearms
  9898 | D:8      | Reached skill level 5 in Staves
  9898 | D:8      | Reached skill level 5 in Ranged Weapons
  9898 | D:8      | Reached skill level 5 in Throwing
  9898 | D:8      | Reached skill level 5 in Armour
  9898 | D:8      | Reached skill level 5 in Stealth
  9898 | D:8      | Reached skill level 5 in Shields
  9898 | D:8      | Reached skill level 5 in Unarmed Combat
  9898 | D:8      | Reached skill level 5 in Evocations
  9952 | D:8      | Reached XP level 10. HP: 77/77 MP: 17/20
 10079 | D:8      | Found Myxkoroh's Weapon Emporium.
 10089 | D:8      | Bought 5 curare-tipped darts for 72 gold pieces
 10635 | D:8      | Found a broken altar of Ashenzari.
 10981 | D:8      | Reached ** piety under Cheibriados
 11487 | D:9      | Reached skill level 5 in Shapeshifting
 11751 | D:9      | Noticed a gargoyle
 11763 | D:9      | Killed a gargoyle
 12128 | D:9      | Found an ornate altar of the Wu Jian Council.
 12806 | D:10     | Entered Level 10 of the Dungeon
 12820 | D:9      | Slain by a slime creature

Illustrated notes

Levels and vault maps discovered:
D:1:      wander_arrival_chamber, layout_loops_cross
D:2:      minmay_wonky_spiral, layout_basic, minmay_tromino_v4_c
D:3:      layout_rooms, hellmonk_ecumenical_altar_leap_of_faith, serial_curves,
          eino_curves_02, eino_curves_02
D:4:      layout_loops_corners, minmay_misc_feat_iff, uniq_ijyb,
          uniq_blork_the_orc
D:5:      layout_loops_corners
D:6:      layout_rooms, lemuel_round_altar, uniq_grinder
D:7:      layout_cave_pods, minmay_temple_entry_gardened_gates, serial_shops,
          shop
D:8:      cheibrodos_fertilizer, layout_basic, mainiacjoe_overflow_alcove_4,
          old_standard_altar, serial_shops, nicolae_shop_trees
D:9:      layout_basic, kennysheep_little_box
D:10:     layout_irregular_city, nicolae_elyvilon_peaceful_grove, serial_shops,
          shop, shop, david_greed, uniq_lodul, uniq_sonja
Temple:   minmay_crystal_spiral_temple

Skill      XL: |  1  2  3  4  5  6  7  8  9 10 |
---------------+-------------------------------+-----
Short Blades   | 1 2 3 5 |  5.7
Long Blades    | 1 2 3 5 |  5.7
Axes           | 1 2 3 5 |  5.7
Polearms       | 1 2 3 5 |  5.7
Staves         | 1 2 3 5 |  5.7
Ranged Weapons | 1 2 3 5 |  5.7
Throwing       | 1 2 3 5 |  5.7
Armour         | 1 2 3 5 |  5.7
Stealth        | 1 2 3 5 |  5.7
Shields        | 1 2 3 5 |  5.7
Unarmed Combat | 1 2 3 5 |  5.7
Spellcasting   | 5 6 7 |  7.7
Invocations    | 1 2 3 4 5 6 |  6.2
Evocations     | 1 2 3 5 |  5.7
Shapeshifting  | 1 2 3 4 5 |  5.2
Hexes          | 1 2 3 4 |  4.7
Summonings     | 1 2 3 4 |  4.7
Necromancy     | 1 2 3 4 |  4.7
Translocations | 1 2 3 4 |  4.7
Fire Magic     | 1 2 3 4 |  4.7
Ice Magic      | 1 2 3 4 |  4.7
Air Magic      | 1 2 3 4 |  4.7
Earth Magic    | 1 2 3 4 |  4.7
Alchemy        | 1 2 3 4 |  4.7
Fighting       | 5 6 7 |  7.4
Dodging        | 5 6 7 |  7.4
Maces & Flails | 7 8 |  8.8
Conjurations   | 6 7 |  7.3

Action                     |  1- 3 |  4- 6 |  7- 9 | 10-12 || total
---------------------------+-------+-------+-------+-------++-------
  Melee: Mace              |    11 |    86 |       |       ||    97
         Bite              |     1 |    14 |    29 |    25 ||    69
         Flail             |       |    57 |   318 |   163 ||   538
  Throw: Dart              |       |       |       |     1 ||     1
   Cast: Kiss of Death     |    10 |     7 |     1 |       ||    18
         Momentum Strike   |     2 |    14 |    30 |    10 ||    56
  Evoke: Wand              |       |       |    10 |     9 ||    19
    Use: Potion            |       |       |     2 |       ||     2
         Scroll            |       |       |    12 |     3 ||    15
   Stab: Sleeping          |       |       |     2 |     5 ||     7
         Distracted        |       |       |       |     1 ||     1
 Armour: Leather armour    |     8 |    92 |   233 |   139 ||   472
  Dodge: Dodged            |     5 |    84 |   229 |   108 ||   426
  Block: Other             |       |       |    51 |    39 ||    90
         Reflection        |       |       |     2 |     1 ||     3

Table legend: (Time is in decaauts)
 A = Elapsed time spent in this place.
 B = Non-inter-level travel time spent in this place.
 C = Inter-level travel time spent in this place.
 D = Time resting spent in this place.
 E = Time spent auto-exploring this place.
 F = Levels seen in this place.
 G = Mean time per level.
                   A        B        C        D        E       F      G
               +--------+--------+--------+--------+--------+-----+--------+
         Total |  13686 |  13103 |    583 |   4649 |   6538 |  11 | 1244.2 |
       Dungeon |  13501 |  13100 |    401 |   4649 |   6538 |  10 | 1350.1 |
        Temple |    185 |      3 |    182 |      0 |      0 |   1 |  185.0 |
               +--------+--------+--------+--------+--------+-----+--------+

Top non-repeatable levels by time:
     D:7: 2509 daAuts
     D:8: 2247 daAuts
     D:9: 1776 daAuts
     D:5: 1463 daAuts
     D:6: 1455 daAuts
     D:2: 1402 daAuts
     D:4: 1018 daAuts
     D:3: 948 daAuts
     D:1: 669 daAuts
  Temple: 185 daAuts
    D:10: 11 daAuts
